 Dungeon Crawl Stone Soup version 0.30-a0-585-g93115170b9 (webtiles) character file.

Game seed: 17268349250231842621

441 cforsyth the Trooper (level 7, -1/64 HPs)
             Began as a Ghoul Monk on Jan 2, 2023.
             Was an Initiate of Ru.
             Splashed by a jelly's acid (7 damage)
             ... on level 5 of the Dungeon.
             The game lasted 00:04:12 (3807 turns).

cforsyth the Trooper (Ghoul Monk)                   Turns: 3807, Time: 00:04:12

Health: -1/64      AC: -1    Str: 17    XL:     7   Next: 2%
Magic:  6/6        EV: 12    Int:  5    God:    Ru [......]
Gold:   302        SH:  0    Dex: 11    Spells: 6/6 levels left

rFire   . . .      SeeInvis .      - Unarmed
rCold   + . .      Faith    .    (no shield)
rNeg    + + +      Spirit   .    a - +0 robe
rPois   ∞          Reflect  .    (no helmet)
rElec   .          Harm     .    (no cloak)
rCorr   .          Rampage  .    (no gloves)
Will    .....                    o - +0 pair of boots
Stlth   ++                       (no amulet)
HPRegen 0.00/turn                (no ring)
MPRegen 0.10/turn                (no ring)

@: corroded, inhibited regen
A: claws 1, cold resistance 1, negative energy resistance 3, inhibited
regeneration, torment resistance 2, devour on kill
a: Renounce Religion, Sacrifice Resistance, Sacrifice Love, Sacrifice a Hand,
Reject Sacrifices


You were on level 5 of the Dungeon.
You worshipped Ru.
Ru was noncommittal.
You visited 2 branches of the dungeon, and saw 6 of its levels.

You collected 302 gold pieces.

Inventory:

Armour
 a - a +0 robe (worn)
 o - a +0 pair of boots (worn)
Jewellery
 i - a ring of protection from cold
Scrolls
 b - a scroll of fog {unknown}
 c - 8 scrolls of identify {unknown}
 d - a scroll of vulnerability {unknown}
 e - a scroll of fear {unknown}
 g - 3 scrolls of teleportation
 k - 2 scrolls of immolation {unknown}
 n - 2 scrolls of enchant armour {unknown}
 p - a scroll of torment {unknown}
Potions
 f - a potion of heal wounds {unknown}
 h - 2 potions of haste {unknown}
 j - a potion of lignification {unknown}
 l - 2 potions of degeneration {unknown}
 m - a potion of attraction {unknown}
 q - a potion of resistance {unknown}
 r - a potion of curing {unknown}
 s - a potion of flight {unknown}


   Skills:
 + Level 6.3 Fighting
 - Level 2.6 Dodging
 - Level 2.1 Stealth
 + Level 6.3 Unarmed Combat


You had 6 spell levels left.
You didn't know any spells.
Your spell library was empty.

Dungeon Overview and Level Annotations

Branches:
Dungeon (5/15)             Temple (1/1) D:5

Altars:
Ashenzari
Cheibriados
Fedhas
Hepliaklqana
Kikubaaqudgha
Nemelex Xobeh
Qazlal
Ru
Wu Jian
Xom

Annotations:
D:3 3 runed translucent doors, Bravis's ghost, amateur DsWn
D:4 2 runed translucent doors


Innate Abilities, Weirdness & Mutations

You are immune to poison.
You have sharp fingernails.
Your flesh is cold resistant. (rC+)
You are immune to negative energy. (rN+++)
You do not regenerate when monsters are visible.
You are immune to unholy pain and torment.
You thrive by killing the living.


Message History

Unknown command.
There is an open door here.
There is a sacrificial altar of Ru here.
You kneel at the altar of Ru.
Ru welcomes you!
Unknown command.
Press < or > to pray at altars.
(D) Dungeon (T) Temple
Where to? (Enter - Temple @ (x,y), ? - help)
There is an open door here.
There is a staircase back to the Dungeon here.
You climb upwards.
Welcome back to the Dungeon!
The yak bellows!
The ogre hits you with a +0 giant club! The yak gores you!
The yak barely misses you. The adder misses you.
There is a staircase to the Ecumenical Temple here.
The adder bites you but does no damage. The yak attacks as you move away!
The yak gores you. The yak closely misses you.
The yak attacks as you move away! The yak gores you.
The yak attacks as you move away! The yak closely misses you.
The yak attacks as you move away! The yak misses you.
Ru believes you are ready to make a new sacrifice.
As you read the scroll of teleportation, it crumbles to dust.
You feel strangely unstable. The ogre hits you with a +0 giant club!
* * * LOW HITPOINT WARNING * * *
Unknown command.
The ogre attacks as you move away! The ogre closely misses you.
The jelly hits you but does no damage. The scorpion attacks as you move away!
The scorpion barely misses you. The scorpion misses you.
Your surroundings seem slightly different.
The ogre barely misses you. The scorpion closely misses you.
The jelly barely misses you. The ogre attacks as you move away!
The ogre closely misses you. The scorpion barely misses you.
The jelly misses you. The jelly attacks as you move away! The jelly hits you.
* * * LOW HITPOINT WARNING * * *
The acid corrodes you!
You are splashed with acid!
You die...

.. #.######.....#
########....#).......
..............†......
.######.#...#.....^..
######.#...#........
#...#..)...#........
#.#.#Y#....#........
#.#JsOS....#........
#..@.#.#.##########.
.......###.#..# #
....[###.YY##Y#####
...#.....Y..#s....######
.....##..>..##.....(...#
. .#..#..$.....#.......#
....##...###.Y.Y.....#
.##. #.###...........# .
#.#.............#


You could see 4 yaks, an ogre, a scorpion, a jelly and an adder.

Vanquished Creatures
  A black bear (D:5)
  A necrophage (D:4)
  A jelly (D:2)
  An orc priest (D:2)
  An iguana (D:3)
  An orc wizard (D:3)
  9 adders
  3 worms
  4 dart slugs
  9 orcs
  6 ball pythons
  2 bats
  4 endoplasms
  6 giant cockroaches
  3 goblins
  4 hobgoblins
  5 jackals
  4 quokkas
  A frilled lizard (D:1)
  8 kobolds
  3 rats
77 creatures vanquished.

Notes
Turn   | Place    | Note
-------+----------+-------------------------------------------
     0 | D:1      | cforsyth the Ghoul Monk began the quest for the Orb.
     0 | D:1      | Reached XP level 1. HP: 19/19 MP: 0/0
   259 | D:1      | Reached XP level 2. HP: 26/26 MP: 1/1
   366 | D:1      | Found a faded altar of an unknown god.
   932 | D:2      | Reached XP level 3. HP: 22/33 MP: 2/2
  1084 | D:2      | Reached XP level 4. HP: 19/41 MP: 3/3
  1474 | D:2      | Reached XP level 5. HP: 36/47 MP: 4/4
  1701 | D:2      | Reached skill level 5 in Fighting
  1701 | D:2      | Reached skill level 5 in Unarmed Combat
  2160 | D:3      | Reached XP level 6. HP: 56/56 MP: 5/5
  2460 | D:3      | Found a runed translucent gate.
  2460 | D:3      | Found a runed translucent gate.
  2460 | D:3      | Found a runed translucent gate.
  2484 | D:3      | Noticed Bravis's ghost (amateur DsWn)
  2793 | D:4      | Found a large runed translucent door.
  2794 | D:4      | Found a large runed translucent door.
  3036 | D:4      | Found an ornate altar of the Wu Jian Council.
  3246 | D:5      | Entered Level 5 of the Dungeon
  3247 | D:5      | Noticed a black bear
  3264 | D:5      | Killed a black bear
  3265 | D:5      | Reached XP level 7. HP: 39/64 MP: 6/6
  3373 | D:5      | Found a staircase to the Ecumenical Temple.
  3380 | D:5      | Noticed a yak
  3380 | D:5      | Noticed a yak
  3382 | D:5      | Noticed a yak
  3382 | D:5      | Noticed a yak
  3382 | D:5      | Noticed a yak
  3382 | D:5      | Noticed a yak
  3395 | Temple   | Entered the Ecumenical Temple
  3774 | Temple   | Became a worshipper of Ru the Awakened
  3807 | D:5      | Splashed by a jelly's acid

Illustrated notes

Levels and vault maps discovered:
D:1:      dpeg_arrival_court, layout_loops_ring,
          dreamdust_ecumenical_altar_statues
D:2:      layout_loops_ring, roderic_cross_of_infinity, minmay_pentomino_u2
D:3:      layout_rooms, gammafunk_ghost_necromancy, grunt_ministairs_1
D:4:      layout_rooms, nzn_wu_jian_contemplation, jmf_multi_god_temple2
D:5:      layout_basic, minmay_temple_entry_slanted, uniq_edmund
Temple:   bh_familiar_temple

Skill      XL: |  1  2  3  4  5  6 |
---------------+-------------------+-----
Fighting       | 4 5 6 |  6.3
Unarmed Combat | 4 5 6 |  6.3
Dodging        | |  2.6
Stealth        | |  2.1

Action                   |  1- 3 |  4- 6 |  7- 9 || total
-------------------------+-------+-------+-------++-------
Melee: Unarmed           |    82 |   180 |     5 ||   267
       Punch             |     2 |     6 |       ||     8
  Use: Potion            |       |     1 |       ||     1
       Scroll            |       |       |     2 ||     2
 Stab: Sleeping          |     3 |     4 |       ||     7
       Distracted        |     1 |       |       ||     1
Armor: Robe              |    10 |    25 |     2 ||    37
Dodge: Dodged            |    41 |    83 |    21 ||   145

Table legend: (Time is in decaauts)
 A = Elapsed time spent in this place.
 B = Non-inter-level travel time spent in this place.
 C = Inter-level travel time spent in this place.
 D = Time resting spent in this place.
 E = Time spent auto-exploring this place.
 F = Levels seen in this place.
 G = Mean time per level.
                   A        B        C        D        E       F      G
               +--------+--------+--------+--------+--------+-----+--------+
         Total |   3782 |   3597 |    185 |    178 |   2871 |   6 |  630.3 |
       Dungeon |   3381 |   3250 |    131 |      0 |   2715 |   5 |  676.2 |
        Temple |    400 |    346 |     54 |    178 |    156 |   1 |  400.0 |
               +--------+--------+--------+--------+--------+-----+--------+

Top non-repeatable levels by time:
     D:2: 933 daAuts
     D:1: 872 daAuts
     D:3: 759 daAuts
     D:4: 657 daAuts
  Temple: 400 daAuts
     D:5: 157 daAuts
